Map: Romanticide LE

Players

Clem - Winner!

  • Race: Terran Terran

Stephano

  • Race: Zerg Zerg

Event: DreamHack SC2 Masters 2021 Fall

VOD

Have the link to the VOD?

Description

Time

  • Played on: July 28, 2021, 3:27 p.m.
  • Length: 13:36

All games in this series

Show
View Real Time Build Order
Export as new Build Order

Clem Terran - Winner!

Build Orders: Reaper Expand, Hellion Banshee 

Get SALT Encoding   

  12  0:00  SCV  
  13  0:12  SCV  
  14  0:16  Supply Depot  
  14  0:24  SCV  
  15  0:38  SCV  
  15  0:40  Barracks  
  16  0:43  Refinery  
  16  0:50  SCV  
  17  1:02  SCV  
  18  1:14  SCV  
  19  1:26  Reaper  
  19  1:27  Orbital Command  
  20  1:39  Command Center  
  20  1:46  Supply Depot  
  20  1:52  SCV  
  21  1:58  Marine  
  22  2:04  SCV  
  23  2:10  Factory  
  23  2:16  SCV  
  23  2:19  Barracks Reactor  
  24  2:28  SCV  
  25  2:38  Command Center  
  25  2:41  SCV  
  26  2:52  Orbital Command  
  26  2:53  SCV  
  27  3:00  Starport  
  27  3:04  Refinery  
  27  3:07  SCV  
  27  3:11  Barracks Tech Lab  
  28  3:15  Hellion  
  28  3:18  Hellion  
  32  3:21  SCV  
  33  3:27  SCV  
  33  3:33  SCV  
  35  3:36  Hellion  
  35  3:39  SCV  
  35  3:40  Hellion  
  40  3:44  Banshee  
  40  3:47  SCV  
  44  3:51  SCV, Orbital Command  
  44  3:54  Barracks Reactor  
  45  3:57  Cloaking Field  
  45  3:59  SCV  
  45  4:00  Hellion  
  45  4:02  Hellion  
  50  4:04  SCV  
  51  4:11  SCV  
  51  4:12  Barracks Tech Lab  
  51  4:13  Supply Depot  
  51  4:16  SCV  
  53  4:17  SCV  
  53  4:24  SCV  
  55  4:27  Banshee  
  55  4:28  Barracks  
  55  4:29  SCV  
  55  4:30  Barracks  
  59  4:34  Marine  
  59  4:35  SCV, Factory Reactor  
  57  4:41  Refinery, Supply Depot  
  57  4:42  SCV x2  
  59  4:47  Stimpack  
  59  4:50  SCV  
  59  4:52  Marine  
  61  4:53  Refinery  
  61  4:54  SCV  
  61  4:58  Engineering Bay  
  61  4:59  Engineering Bay  
  62  5:02  SCV  
  62  5:06  Orbital Command  
  64  5:08  SCV  
  64  5:09  Marine  
  66  5:14  SCV  
  66  5:16  Marine x2  
  66  5:20  Factory Reactor  
  68  5:24  SCV  
  68  5:25  Marine x2  
  68  5:26  Barracks  
  68  5:27  Marine, Barracks, Starport Reactor  
  68  5:28  Terran Infantry Weapons Level 1  
  72  5:33  SCV  
  72  5:34  Marine x2  
  72  5:35  Supply Depot  
  75  5:36  SCV  
  75  5:37  SCV  
  77  5:51  Terran Infantry Armor Level 1  
  77  5:53  Supply Depot  
  77  5:56  Marine x3  
  83  5:57  SCV x3  
  83  5:58  Supply Depot  
  83  6:00  Widow Mine  
  83  6:02  Supply Depot  
  85  6:09  SCV  
  85  6:10  Widow Mine  
  85  6:12  Marine x2, SCV x2  
  85  6:14  Marine, Medivac x2  
  85  6:16  Barracks Reactor x2  
  85  6:17  Marine  
  89  6:21  SCV, Armory  
  89  6:24  Marine  
  89  6:25  Supply Depot x2  
  91  6:27  Supply Depot  
  91  6:28  Widow Mine  
  91  6:30  Marine, SCV  
  91  6:32  Marine  
  96  6:38  SCV  
  96  6:39  SCV  
  95  6:41  Marine  
  95  6:42  Refinery, SCV, Factory  
  97  6:47  Marine x2  
  97  6:48  Combat Shield  
  97  6:50  Widow Mine, Medivac  
  97  6:51  Widow Mine  
  97  6:52  Supply Depot  
  97  6:53  Marine, SCV, Supply Depot  
  107  6:56  Marine  
  107  6:57  Marine x2  
  107  6:58  SCV  
  107  6:59  SCV  
  107  7:00  Marine  
  113  7:02  Marine  
  113  7:05  SCV  
  115  7:09  Marine x2  
  115  7:13  Marine x2  
  115  7:14  Supply Depot  
  115  7:15  Marine, Supply Depot  
  120  7:20  Marine  
  120  7:21  Marine x2  
  120  7:22  Widow Mine x2, Medivac  
  127  7:24  Marine  
  127  7:27  Marine  
  127  7:28  Terran Infantry Weapons Level 2  
  127  7:29  Factory Tech Lab  
  129  7:32  Marine  
  129  7:35  Marine  
  130  7:40  Marine  
  130  7:41  Marine  
  130  7:43  Widow Mine  
  133  7:46  Marine x2  
  133  7:47  Medivac  
  133  7:50  Drilling Claws  
  136  7:52  Medivac, Command Center  
  136  7:56  Marine, Widow Mine  
  140  7:58  Supply Depot  
  140  8:03  Marine x2, Widow Mine  
  144  8:09  Marine x2  
  146  8:13  Marine x2, Terran Infantry Armor Level 2  
  146  8:14  Supply Depot  
  146  8:15  Widow Mine  
  146  8:16  Marine  
  146  8:17  Marine, Medivac  
  146  8:19  Marine, Widow Mine  
  155  8:22  Medivac  
  155  8:24  Widow Mine  
  155  8:25  Marine x2  
  161  8:27  Marine  
  161  8:29  Marine  
  161  8:30  Supply Depot  
  161  8:32  Marine  
  160  8:37  SCV x2  
  160  8:38  Refinery  
  160  8:39  Widow Mine  
  164  8:42  Marine, Widow Mine  
  164  8:43  Marine  
  164  8:46  Supply Depot  
  164  8:47  Widow Mine, Medivac  
  168  8:49  Marine x2  
  168  8:50  Supply Depot  
  168  8:52  Marine x2, Medivac  
  174  8:55  Marine  
  174  9:00  Widow Mine  
  173  9:03  Marine, Widow Mine  
  173  9:08  Widow Mine  
  176  9:12  Marine x3  
  176  9:13  Marine x2  
  176  9:16  SCV  
  165  9:17  SCV x2, Medivac  
  165  9:21  Widow Mine  
  165  9:22  Marine  
  172  9:25  Widow Mine  
  172  9:28  SCV  
  172  9:30  Barracks x3  
  175  9:35  Medivac  
  175  9:36  Widow Mine  
  179  9:38  SCV  
  179  9:39  Marine  
  179  9:43  Widow Mine  
  183  9:46  Widow Mine  
  183  9:47  Medivac  
  183  9:49  Marine x2  
  183  9:50  Marine x2  
  189  9:57  Marine x2, Widow Mine  
  182  10:04  Marine x2, Widow Mine  
  182  10:05  Marine, Medivac  
  161  10:08  Marine, Widow Mine  
  161  10:11  Marine  
  165  10:17  Planetary Fortress, Medivac  
  165  10:19  Widow Mine  
  159  10:22  Barracks Tech Lab  
  159  10:23  Marauder  
  159  10:25  Widow Mine  
  159  10:27  Barracks Tech Lab x2  
  163  10:29  Widow Mine  
  163  10:30  Marine x3  
  163  10:34  Command Center  
  163  10:35  Medivac  
  170  10:40  Widow Mine  
  170  10:41  Terran Infantry Weapons Level 3  
  170  10:42  Marine  
  175  10:43  Marauder  
  175  10:45  Marauder  
  175  10:47  Widow Mine, Medivac  
  175  10:50  Widow Mine  
  175  10:55  Terran Vehicle And Ship Armor Level 1  
  177  10:57  Marine x2  
  177  11:00  SCV x3  
  177  11:01  Refinery  
  177  11:02  Widow Mine  
  183  11:05  Medivac  
  183  11:08  Widow Mine  
  187  11:11  Marauder  
  187  11:12  Widow Mine, Marauder x3  
  187  11:14  Ghost Academy  
  191  11:19  Marine x4  
  191  11:23  Widow Mine  
  191  11:30  Widow Mine  
  191  11:31  Marine x2  
  190  11:32  Marauder  
  190  11:33  Marauder  
  190  11:37  Marine x2, Command Center  
  194  11:40  Sensor Tower  
  194  11:45  Marauder  
  194  11:46  Marine, Marauder  
  195  11:51  Widow Mine  
  195  11:52  Command Center  
  197  11:54  Marauder  
  197  11:56  Marauder  
  199  12:06  Marauder  
  199  12:08  Marauder  
  198  12:15  Marauder  
  183  12:19  Widow Mine  
  183  12:21  SCV  
  166  12:26  SCV  
  160  12:30  SCV  
  160  12:33  SCV  
  160  12:35  Marine x2  
  160  12:36  Marauder  
  165  12:38  SCV  
  165  12:41  Widow Mine  
  165  12:42  SCV, Marauder  
  171  12:47  Marauder  
  171  12:48  Marine, Marauder  
  171  12:49  SCV  
  175  12:54  SCV  
  175  12:56  Widow Mine  
  175  12:57  Marauder  
  175  12:58  Planetary Fortress  
  180  13:02  SCV  
  180  13:03  SCV  
  180  13:04  Marauder  
  179  13:06  SCV  
  179  13:12  Marine  
  180  13:13  Widow Mine, Marauder x2  
  180  13:16  Marine x2  
  180  13:17  SCV  
  193  13:21  SCV  
Show
View Real Time Build Order
Export as new Build Order

Stephano Zerg 

Build Orders: Hatch First 

Get SALT Encoding   

  12  0:00  Drone  
  13  0:12  Overlord  
  13  0:16  Drone  
  14  0:30  Drone x2  
  16  0:48  Hatchery  
  15  0:50  Drone  
  15  0:54  Drone  
  15  0:57  Drone  
  18  1:07  Extractor  
  17  1:12  Spawning Pool  
  17  1:15  Drone  
  17  1:18  Drone  
  18  1:28  Drone  
  19  1:38  Drone  
  20  1:49  Drone  
  21  1:59  Queen x2  
  21  2:00  Zergling x4  
  27  2:10  Drone  
  27  2:11  Overlord  
  28  2:19  Hatchery  
  28  2:22  Drone  
  28  2:33  Drone x2  
  30  2:38  Queen  
  30  2:41  Overlord  
  32  2:44  Drone  
  32  2:46  Drone  
  32  2:50  Metabolic Boost  
  34  2:53  Drone  
  34  2:57  Drone  
  36  3:04  Drone  
  36  3:05  Drone  
  38  3:11  Drone x2  
  40  3:15  Drone  
  40  3:16  Queen  
  40  3:19  Drone  
  44  3:28  Overlord  
  44  3:34  Drone  
  44  3:37  Queen, Drone x2  
  44  3:41  Queen, Extractor  
  50  3:47  Overlord  
  51  3:49  Zergling x6  
  51  3:50  Drone x3  
  57  3:56  Drone  
  58  4:06  Roach Warren, Evolution Chamber  
  58  4:09  Drone x7, Evolution Chamber  
  64  4:17  Drone x3  
  64  4:20  Overlord  
  66  4:35  Zergling x2  
  66  4:38  Zerg Ground Armor Level 1  
  65  4:39  Spore Crawler, Drone x4  
  65  4:43  Queen, Drone x2  
  72  4:48  Extractor  
  72  4:49  Extractor, Drone x3  
  73  4:56  Spore Crawler  
  73  4:58  Spore Crawler  
  71  5:00  Spore Crawler  
  71  5:01  Drone  
  71  5:05  Drone x2  
  71  5:06  Overlord  
  74  5:12  Overlord  
  74  5:17  Zerg Melee Weapons Level 1  
  74  5:21  Extractor  
  73  5:22  Overlord  
  73  5:23  Extractor, Lair  
  73  5:26  Drone x4  
  73  5:27  Hatchery  
  75  5:29  Queen  
  75  5:30  Drone x3  
  75  5:32  Hatchery  
  80  5:35  Zergling x4, Baneling Nest  
  80  5:36  Zergling x2  
  80  5:40  Spore Crawler  
  81  5:43  Spore Crawler  
  81  5:48  Spore Crawler  
  80  5:50  Drone  
  80  5:51  Overlord  
  80  5:52  Drone  
  80  5:53  Drone x3  
  84  6:00  Zergling x2  
  84  6:01  Zergling x16  
  89  6:12  Drone x3  
  90  6:22  Drone x5  
  90  6:24  Centrifical Hooks  
  90  6:25  Hatchery  
  93  6:27  Drone x2  
  95  6:35  Drone  
  96  6:50  Zergling x18  
  105  6:58  Zerg Ground Armor Level 2  
  105  6:59  Baneling x2  
  105  7:00  Baneling x2  
  105  7:06  Zergling x10  
  105  7:07  Zergling x6  
  109  7:09  Overlord  
  109  7:10  Overlord x2  
  109  7:15  Zerg Melee Weapons Level 2  
  109  7:22  Baneling x6  
  107  7:23  Overlord x3  
  107  7:29  Drone  
  109  7:30  Drone x4  
  110  7:45  Zergling x12  
  110  7:46  Zergling x24  
  110  7:49  Drone  
  110  7:51  Hydralisk Den  
  125  7:53  Overseer, Pneumatized Carapace  
  125  7:57  Zergling x8  
  129  7:59  Baneling  
  129  8:00  Baneling x8  
  127  8:07  Drone  
  127  8:08  Drone x3  
  126  8:14  Overseer  
  126  8:15  Spore Crawler  
  126  8:16  Hatchery  
  126  8:19  Drone x3  
  129  8:20  Drone x2  
  129  8:22  Drone x3  
  129  8:24  Zergling x2  
  129  8:25  Zergling x14  
  141  8:34  Spore Crawler  
  140  8:35  Overseer  
  140  8:37  Muscular Augments  
  140  8:41  Zergling x20  
  147  8:49  Baneling x4  
  147  8:53  Overlord  
  147  8:54  Overlord x4  
  136  9:12  Zergling x24  
  136  9:16  Hydralisk x2  
  136  9:17  Hydralisk  
  143  9:22  Hydralisk x2  
  143  9:23  Hydralisk  
  155  9:30  Baneling x10  
  154  9:38  Hydralisk x2  
  156  9:39  Overlord  
  156  9:41  Baneling  
  156  9:43  Extractor, Overlord  
  156  9:44  Hatchery  
  156  9:49  Drone x4, Grooved Spines  
  156  9:50  Drone x2  
  156  9:51  Drone x2  
  155  9:53  Zergling x8  
  155  9:57  Hatchery  
  153  10:06  Zergling x2  
  153  10:07  Zergling x20  
  152  10:09  Burrow, Overseer  
  151  10:16  Zergling x2  
  151  10:17  Zergling x12  
  158  10:25  Drone x6  
  164  10:32  Baneling x17  
  163  10:39  Overlord x2  
  163  10:40  Zergling x8  
  163  10:41  Zergling x4  
  167  10:51  Zergling x18  
  175  11:03  Baneling  
  175  11:04  Zergling x14, Baneling x10  
  175  11:17  Spore Crawler x2  
  171  11:25  Zergling x26  
  175  11:28  Hydralisk  
  175  11:29  Zergling x2  
  184  11:35  Zerg Missile Weapons Level 1  
  184  11:36  Infestation Pit  
  184  11:37  Extractor, Drone x3  
  184  11:38  Lurker Den  
  184  11:57  Zergling x2  
  184  11:58  Zergling x30  
  197  12:02  Baneling x13  
  192  12:09  Hatchery  
  138  12:23  Zergling x36  
  144  12:32  Baneling x5  
  142  12:39  Hatchery  
  142  12:41  Hydralisk x3  
  142  12:42  Hydralisk  
  149  12:47  Zergling x14  
  149  12:49  Baneling x7  
  149  12:58  Zergling x10  
  139  13:17  Zergling x16  
  139  13:18  Zergling x2  

Tags
 
Add a new tag
Caveats
  • Supply blocks, unpowered buildings, or Contaminate may cause inaccurate times.
  • Supply counts are checked every 10 seconds.